Map: 카이로스 정션 - 래더

Players

LiquidSnute (Snute)

  • Race: Zerg Zerg
  • League: Grandmaster
  • Spawn Location: 5:00

herO - Winner!

  • Race: Protoss Protoss
  • League: Master
  • Spawn Location: 11:00

Event: 2019 Assembly Summer

VOD

Have the link to the VOD?

Description

Time

  • Played on: Aug. 1, 2019, 5:22 a.m.
  • Length: 17:16

All games in this series

Show
View Real Time Build Order
Export as new Build Order

LiquidSnute Zerg 

Build Orders: Hatch First 

Get SALT Encoding   

  12  0:00  Drone  
  13  0:12  Overlord  
  13  0:17  Drone  
  14  0:30  Drone x2  
  14  0:34  Drone  
  17  0:45  Drone  
  18  0:56  Hatchery  
  17  0:58  Drone  
  17  1:03  Extractor  
  17  1:12  Spawning Pool  
  17  1:16  Drone  
  17  1:20  Drone  
  18  1:27  Drone  
  19  1:38  Overlord  
  19  1:51  Drone  
  20  1:59  Queen  
  20  2:00  Zergling x2  
  23  2:04  Metabolic Boost  
  23  2:07  Queen  
  25  2:10  Zergling x2  
  25  2:13  Zergling x2  
  27  2:23  Zergling x4  
  29  2:37  Overlord  
  29  2:38  Zergling x2  
  29  2:45  Hatchery  
  29  2:49  Zergling x2  
  29  2:51  Zergling x2  
  30  2:57  Zergling x4  
  31  3:01  Overlord  
  31  3:08  Zergling x4  
  32  3:16  Drone x3  
  32  3:19  Drone  
  35  3:23  Drone  
  36  3:28  Drone  
  36  3:32  Drone x2  
  38  3:40  Drone x4  
  41  3:42  Drone  
  41  3:43  Drone  
  41  3:48  Drone  
  41  3:53  Drone  
  41  3:54  Queen  
  43  3:58  Drone  
  43  3:59  Drone  
  43  4:01  Drone  
  46  4:03  Drone, Extractor  
  46  4:11  Roach Warren  
  46  4:13  Drone, Extractor  
  46  4:15  Drone  
  46  4:17  Drone  
  46  4:18  Drone  
  46  4:19  Drone  
  46  4:22  Drone  
  50  4:29  Overlord x2  
  50  4:39  Drone x2  
  50  4:42  Drone x2  
  54  4:51  Roach x6  
  65  4:54  Roach x2  
  65  4:59  Roach x2  
  73  5:03  Zergling x2  
  72  5:11  Ravager  
  72  5:12  Overlord  
  71  5:20  Zergling x10  
  73  5:23  Ravager  
  72  5:29  Zergling x4  
  72  5:30  Overlord  
  72  5:34  Overlord  
  74  5:40  Overlord  
  74  5:43  Overlord  
  74  5:45  Queen  
  74  5:47  Zergling x12  
  74  5:48  Ravager  
  74  5:49  Ravager  
  84  5:55  Roach x3  
  90  6:00  Zergling x8  
  94  6:08  Roach x2  
  96  6:12  Roach  
  96  6:13  Queen  
  96  6:15  Roach  
  100  6:22  Roach x2  
  100  6:23  Baneling Nest  
  103  6:27  Queen  
  109  6:33  Roach x2  
  109  6:35  Overlord  
  109  6:41  Roach x2  
  113  6:52  Ravager  
  113  6:53  Ravager  
  115  6:55  Zergling x14  
  122  7:01  Overlord  
  120  7:15  Zergling x16  
  92  7:23  Zergling x6  
  95  7:35  Ravager x3  
  97  7:42  Zergling x12  
  97  7:43  Zergling x2  
  101  7:58  Zergling x6  
  93  8:03  Zergling x2  
  93  8:05  Ravager  
  92  8:12  Zergling x4  
  90  8:20  Extractor  
  90  8:21  Hatchery  
  90  8:23  Roach x2  
  92  8:35  Roach x2, Queen  
  92  8:36  Queen  
  92  8:40  Zergling x8  
  104  8:47  Extractor  
  103  8:51  Baneling  
  103  8:52  Baneling  
  103  8:54  Zergling x4  
  105  9:00  Baneling x2  
  105  9:03  Zergling x4  
  105  9:09  Baneling x2  
  107  9:14  Zergling x10  
  109  9:19  Zergling x6  
  112  9:27  Baneling  
  112  9:28  Baneling x4, Zergling x2  
  112  9:29  Zergling x2  
  114  9:37  Zergling x8  
  118  9:41  Zergling x2  
  118  9:44  Baneling x3  
  118  9:45  Baneling x2  
  117  9:47  Zergling x2  
  104  10:09  Zergling x4  
  104  10:10  Zergling x24  
  107  10:16  Roach  
  107  10:17  Lair  
  107  10:20  Drone x2  
  110  10:22  Ravager x2  
  96  10:28  Roach  
  82  10:36  Roach x5  
  85  10:44  Roach x2  
  84  10:51  Zergling x14  
  84  10:56  Ravager  
  90  11:09  Spore Crawler  
  89  11:12  Zergling x18  
  89  11:17  Overseer  
  98  11:21  Ravager  
  95  11:30  Roach x4  
  103  11:39  Drone  
  103  11:40  Drone x4  
  105  11:47  Pneumatized Carapace  
  105  11:51  Baneling  
  105  11:52  Baneling x5  
  105  12:08  Baneling x5  
  105  12:09  Baneling  
  105  12:10  Zergling x4  
  105  12:11  Zergling x8  
  111  12:18  Baneling x3  
  111  12:20  Zergling x8  
  111  12:22  Baneling  
  115  12:31  Zergling x12  
  121  12:41  Ravager x2  
  123  12:44  Zergling x12  
  123  12:46  Ravager  
  117  13:06  Roach x6  
  129  13:12  Ravager x2  
  122  13:22  Roach x4  
  122  13:25  Overlord x2  
  129  13:27  Baneling x2  
  129  13:29  Baneling  
  129  13:32  Baneling  
  96  13:49  Roach x7  
  90  13:56  Roach x2  
  80  14:05  Zergling x8  
  77  14:13  Ravager x3  
  77  14:16  Zergling x6  
  83  14:27  Roach x2  
  83  14:28  Ravager  
  88  14:35  Roach x2  
  92  14:40  Roach x2  
  101  14:52  Roach x3  
  101  14:53  Roach x2  
  101  14:56  Roach  
  104  15:01  Roach x2  
  104  15:05  Overseer  
  105  15:08  Roach  
  105  15:10  Ravager  
  105  15:13  Ravager  
  109  15:27  Roach x6  
  96  15:41  Zergling x8  
  97  15:47  Ravager  
  97  15:48  Ravager  
  99  15:51  Overseer  
  99  15:54  Zergling x6  
  102  16:03  Ravager  
  103  16:04  Zergling x4  
  103  16:09  Baneling x3  
  102  16:26  Zergling x12  
  102  16:27  Ravager  
  105  16:37  Zergling x6  
  90  16:45  Roach x2  
  85  16:51  Roach x3  
  85  16:53  Ravager x2  
  85  17:02  Ravager  
  85  17:03  Ravager  
Show
View Real Time Build Order
Export as new Build Order

herO Protoss - Winner!

Build Orders: 1 Gate Expand 

Get SALT Encoding   

  12  0:00  Probe  
  13  0:12  Probe  
  14  0:17  Pylon  
  14  0:24  Probe  
  15  0:35  Gateway  
  15  0:38  Probe  
  16  0:45  Assimilator  
  16  0:46  Probe  
  16  0:54  Probe  
  18  1:05  Probe  
  19  1:17  Probe  
  20  1:22  Cybernetics Core  
  20  1:36  Nexus  
  20  1:41  Pylon  
  20  1:44  Probe  
  21  1:49  Assimilator  
  21  1:50  Adept  
  21  1:57  Probe  
  24  2:09  Probe  
  24  2:10  Adept  
  25  2:15  Robotics Facility  
  25  2:22  Probe  
  28  2:28  Warp Gate  
  28  2:33  Pylon  
  28  2:35  Probe  
  29  2:39  Pylon  
  31  2:45  Stalker  
  31  2:52  Warp Prism  
  31  2:56  Probe x2  
  35  3:08  Probe x2  
  37  3:16  Sentry  
  39  3:20  Probe x2  
  39  3:21  Pylon  
  39  3:22  Immortal  
  43  3:39  Pylon  
  41  3:41  Pylon  
  39  3:48  Sentry  
  39  3:52  Gateway  
  39  3:56  Immortal  
  39  3:57  Probe x2  
  41  4:09  Probe  
  46  4:10  Probe  
  47  4:17  Pylon  
  47  4:21  Probe  
  47  4:22  Probe  
  49  4:25  Assimilator  
  49  4:30  Sentry  
  51  4:34  Probe x2  
  51  4:37  Pylon  
  53  4:38  Observer  
  54  4:46  Probe x2  
  54  4:47  Zealot  
  54  4:50  Gateway  
  58  4:58  Probe x2  
  60  5:03  Immortal  
  64  5:15  Probe x2  
  66  5:23  Sentry x2  
  66  5:26  Pylon  
  70  5:31  Gateway  
  70  5:32  Gateway  
  70  5:34  Gateway  
  70  5:39  Immortal  
  70  5:45  Gateway  
  70  5:46  Gateway  
  74  5:58  Sentry x2  
  74  5:59  Pylon  
  74  6:01  Pylon  
  74  6:02  Colossus  
  78  6:17  Pylon  
  78  6:18  Sentry  
  80  6:19  Pylon  
  80  6:22  Stalker x2  
  84  6:29  Zealot x2  
  84  6:30  Pylon  
  88  6:32  Observer  
  88  6:33  Pylon  
  88  6:47  Stalker x4  
  88  6:50  Zealot  
  98  7:04  Stalker x2  
  98  7:07  Stalker  
  94  7:18  Observer  
  90  7:26  Immortal  
  86  7:30  Zealot x2  
  94  7:37  Cybernetics Core  
  94  7:42  Zealot  
  96  7:54  Immortal  
  78  8:05  Zealot x8  
  88  8:21  Twilight Council  
  88  8:25  Immortal  
  88  8:26  Sentry x2  
  92  8:32  Charge  
  96  8:36  Zealot x2, Sentry  
  96  8:37  Zealot  
  104  8:53  Nexus  
  104  8:58  Observer  
  104  9:02  Immortal  
  104  9:03  Adept  
  104  9:04  Adept  
  111  9:24  Dark Shrine  
  111  9:37  Zealot x2, Sentry  
  111  9:38  Zealot x3  
  123  9:41  Immortal  
  101  10:13  Zealot x7  
  63  10:43  Dark Templar x3  
  63  10:47  Dark Templar  
  63  10:48  Zealot x4  
  78  10:54  Immortal  
  74  11:04  Archon x2  
  78  11:14  Sentry  
  80  11:20  Nexus  
  80  11:25  Immortal  
  83  11:46  Nexus  
  83  11:51  Pylon  
  83  11:53  Dark Templar  
  83  11:54  Zealot  
  87  11:56  Dark Templar  
  89  12:07  Archon  
  89  12:09  Shield Battery  
  89  12:10  Observer, Shield Battery  
  89  12:11  Shield Battery  
  89  12:19  Zealot x4  
  97  12:26  Dark Templar  
  97  12:28  Dark Templar  
  101  12:35  Archon  
  98  13:06  Dark Templar x2, Zealot  
  98  13:07  Zealot x4, Observer  
  98  13:10  Archon  
  98  13:12  Zealot  
  107  13:28  Zealot x4  
  65  14:08  Dark Templar x2  
  65  14:09  Zealot x4  
  69  14:10  Zealot x2  
  69  14:13  Archon  
  73  14:28  Dark Templar x2, Zealot  
  73  14:29  Zealot x3  
  85  14:32  Archon  
  85  14:41  Dark Templar x2  
  89  14:46  Zealot  
  89  14:51  Zealot, Archon  
  89  14:52  Zealot  
  95  14:58  Zealot x3  
  99  15:10  Dark Templar  
  101  15:15  Dark Templar, Zealot  
  101  15:29  Zealot x3  
  79  15:51  Dark Templar x2, Zealot  
  79  15:55  Archon  
  85  16:02  Assimilator  
  85  16:04  Assimilator  
  85  16:07  Archon  
  85  16:15  Zealot x3  
  89  16:33  Sentry x2  
  89  16:35  Sentry  
  89  16:36  Zealot x4  
  89  16:47  Shield Battery  
  89  16:53  Sentry  
  91  17:00  Zealot, Sentry  
  91  17:01  Zealot x3  
Tags
 
Add a new tag
Caveats
  • Supply blocks, unpowered buildings, or Contaminate may cause inaccurate times.
  • Supply counts are checked every 10 seconds.